 Dungeon Crawl Stone Soup version 0.30-a0-1116-gebefce21f7 (webtiles) character file.

Game seed: 13114660749047500812

72524 qeuew the Geomancer (level 15, -2/204 HPs)
             Began as a Gargoyle Earth Elementalist on Apr 21, 2023.
             Was an Initiate of Gozag.
             Slain by a ghost moth (14 damage)
             ... on level 3 of the Spider Nest.
             The game lasted 00:40:42 (27383 turns).

qeuew the Geomancer (Gargoyle Earth Elementalist)  Turns: 27383, Time: 00:40:44

Health: -2/204     AC: 27    Str: 19      XL:     15   Next: 40%
Magic:  0/25       EV:  2    Int: 26 (32) God:    Gozag
Gold:   2126       SH:  0    Dex: 14 (15) Spells: 18/33 levels left

rFire   + . .      SeeInvis .    g - +5 flail (heavy)
rCold   + . .      Faith    .    (no shield)
rNeg    + + .      Spirit   .    n - melded +7 chain mail of the Great Game {Str+6}
rPois   ∞          Reflect  .    (helmet currently unavailable)
rElec   +          Rampage  .    y - melded +2 cloak
rCorr   +          NoTele   +    (gloves currently unavailable)
Will    +....                    (boots currently unavailable) Stlth
                                 v - amulet of regeneration
HPRegen 1.34/turn                d - ring "Qaanlis" {EV+5 Int+7 Dex+3}
MPRegen 0.19/turn                J - ring "Gegupiaz" {rN+ Int+6 Dex+3}

@: mighty, berserking (expiring), tree-form, resistant, gold aura, studying
Hexes, very quick
A: stationary, stasis, torment immunity, boosted hp, sickness immunity, AC +11,
(big wings), negative energy resistance 1, (electricity resistance), torment
resistance 1, petrification resistance, low MP 1, strong 1, (teleportitis 1),
MP-powered wands
a: End Transformation, Renounce Religion, Potion Petition, Call Merchant, Bribe
Branch


You were on level 3 of the Spider Nest.
You worshipped Gozag.
Gozag was most pleased with you.
You were a tree.
You visited 5 branches of the dungeon, and saw 22 of its levels.
You also visited: Sewer.

You collected 5784 gold pieces.
You spent 644 gold pieces at shops.
You paid 3014 gold pieces to Gozag.

Inventory:

Hand Weapons
 g - a +5 heavy flail (weapon)
Missiles
 x - 3 throwing nets
Armour
 n - the +7 chain mail of the Great Game (melded) {Str+6}
   (You found it on level 4 of the Dungeon)

   Str:       It affects your strength (+6).
 y - a +2 cloak (melded)
Jewellery
 d - the ring "Qaanlis" (left branch) {EV+5 Int+7 Dex+3}
   (You found it on level 4 of the Dungeon)

   [ring of evasion]

   EV:        It affects your evasion (+5).
   Int:       It affects your intelligence (+7).
   Dex:       It affects your dexterity (+3).
 q - a +4 ring of slaying
 v - an amulet of regeneration (around neck)
 w - a +4 ring of protection
 J - the ring "Gegupiaz" (right branch) {rN+ Int+6 Dex+3}
   (You found it on level 5 of the Lair of Beasts)

   [ring of intelligence]

   Int:       It affects your intelligence (+6).
   Dex:       It affects your dexterity (+3).
   rN:        It protects you from negative energy.
Wands
 h - a wand of polymorph (9)
 o - a wand of light (30)
 p - a wand of paralysis (23)
 u - a wand of digging (5)
 A - a wand of mindburst (16)
 C - a wand of flame (21)
 F - a wand of iceblast (4)
Scrolls
 a - 4 scrolls of blinking
 c - 3 scrolls of fog
 j - a scroll of identify
 k - 3 scrolls of amnesia
 l - 6 scrolls of teleportation
 m - 2 scrolls of enchant weapon
 r - 2 scrolls of magic mapping
 t - 2 scrolls of enchant armour
 D - 2 scrolls of poison
Potions
 b - 2 potions of curing
 e - 3 potions of brilliance
 f - a potion of cancellation
 i - a potion of resistance
 s - 3 potions of haste
 z - 2 potions of might
 B - a potion of magic
 G - 2 potions of flight
 H - a potion of invisibility
 I - 2 potions of ambrosia


   Skills:
 + Level 9.4 Fighting
 + Level 8.6 Maces & Flails
 * Level 13.2 Armour
 + Level 7.5 Dodging
 - Level 2.1 Stealth
 * Level 9.7 Spellcasting
 * Level 10.9 Conjurations
 - Level 0.7 Transmutations
 * Level 14.6 Earth Magic
 + Level 4.8 Evocations


You had 18 spell levels left.
You knew the following spells:

 Your Spells              Type           Power      Damage    Failure   Level
a - Sandblast             Erth           100%       2d20      0%          1
b - Stone Arrow           Conj/Erth      100%       3d13      1%          3
c - Iron Shot             Conj/Erth      34%        9d7       3%          6
d - Iskenderun's Battles  Conj           62%        2d11      1%          5

Your spell library contained the following spells:

 Spells                   Type           Power      Damage    Failure   Level
 Foxfire                  Conj/Fire      100%       2x1d9     1%          1
 Magic Dart               Conj           100%       1d8       1%          1
 Passwall                 Tmut/Erth      42%        N/A       1%          2
 Hailstorm                Conj/Ice       41%        3d10      1%          3
 Petrify                  Tmut/Erth      51%        N/A       1%          4
 Mephitic Cloud           Conj/Pois/Air  31%        N/A       3%          3
 Apportation              Tloc           24%        N/A       4%          1
 Flame Wave               Conj/Fire      41%        2d11      4%          4
 Blink                    Tloc           24%        N/A       7%          2
 Call Imp                 Summ           24%        N/A       7%          2
 Ensorcelled Hibernation  Hex/Ice        24%        N/A       7%          2
 Lesser Beckoning         Tloc           24%        N/A       7%          2
 Spider Form              Tmut/Pois      14%        N/A       12%         3
 Gell's Gravitas          Tloc           12%        N/A       14%         3
 Ozocubu's Armour         Ice            12%        N/A       14%         3
 Portal Projectile        Hex/Tloc       24%        N/A       14%         3
 Teleport Other           Tloc           12%        N/A       14%         3
 Tukima's Dance           Hex            12%        N/A       14%         3
 Vhi's Electric Charge    Tloc/Air       24%        N/A       14%         3
 Arcjolt                  Conj/Air       20%        1d30      14%         5
 Fireball                 Conj/Fire      20%        3d10      14%         5
 Orb of Destruction       Conj           31%        9d10      41%         7
 Anguish                  Hex/Necr       6%         N/A       43%         4
 Manifold Assault         Tloc           12%        N/A       43%         4
 Passage of Golubria      Tloc           12%        N/A       43%         4
 Conjure Ball Lightning   Conj/Air       20%        3x3d6     61%         6
 Starburst                Conj/Fire      20%        6d7       61%         6
 Blade Hands              Tmut           8%         N/A       69%         5
 Alistair's Intoxication  Tmut/Pois      9%         N/A       75%         5
 Yara's Violent Unravell  Hex/Tmut       7%         3d5       75%         5
 Metabolic Englaciation   Hex/Ice        6%         N/A       78%         5
 Summon Forest            Summ/Tloc      6%         N/A       78%         5
 Eringya's Noxious Bog    Tmut/Pois      7%         N/A       99%         6
 Dispersal                Tloc           6%         N/A       100%        6
 Plasma Beam              Fire/Air       6%         2x1d18    100%        6
 Summon Hydra             Summ           6%         N/A       100%        7
 Disjunction              Tloc           6%         N/A       100%        8
 Maxwell's Capacitive Co  Air            6%         ∞         100%        8


Dungeon Overview and Level Annotations

Branches:
Dungeon (12/15)            Temple (1/1) D:6            Lair (5/5) D:11
 Shoals (0/4) Lair:3       Spider (3/4) Lair:3        Slime (0/5) Lair:5
    Orc (1/2) D:12          Sewer (visited)

Altars:
Ashenzari
Cheibriados
Dithmenos
Elyvilon
Fedhas
Gozag
Hepliaklqana
Kikubaaqudgha
Makhleb
Nemelex Xobeh
Okawaru
Qazlal
Ru
Sif Muna
Trog
Uskayaw
Vehumet
Wu Jian
Xom
Yredelemnul
Zin
The Shining One
Jiyva

Shops:
D:6 [!(

Annotations:
D:3 1 runed translucent door, Crazy Yiuf
D:10 exclusion: oklob plant
Lair:5 exclusion: 2 oklob plants
Spider:3 Icietuah's ghost, journeyman FeWn
Orc:1 Jorgrun


Innate Abilities, Weirdness & Mutations

You are a tree.
Your roots penetrate the ground, keeping you stationary.
You cannot be teleported.
You are immune to unholy pain and torment.
Your maximum health is greatly increased.
Your equipment is partially melded.
You are immune to sickness and miasma.
((Your stone body is resilient. (AC +11)))
You are immune to poison.
((Your large and strong wings let you fly.))
You resist negative energy. (rN+)
((You are resistant to electric shocks. (rElec)))
You are resistant to unholy torment.
You are immune to petrification.
Your magical capacity is low. (-10% MP)
Your muscles are strong. (Str +4, Int/Dex -1)
((You are occasionally teleported next to monsters.))
You expend magic power (3 MP) to strengthen your wands.


Message History

The wolf spider hits you but does no damage.
The wolf spider bites you but does no damage.
You feel you are being watched by something.
Something hits you!
* * * LOW HITPOINT WARNING * * *
Something hits you but does no damage. Something stings you!
* * * LOW HITPOINT WARNING * * *
The wolf spider completely misses you.
The wolf spider bites you but does no damage.
You bludgeon the wolf spider!!
The wolf spider is almost dead.
You feel you are being watched by something.
Something hits you but does no damage. x2
Something stings you but does no damage.
The wolf spider hits you!
* * * LOW HITPOINT WARNING * * *
The wolf spider bites you but does no damage.
You completely miss the wolf spider.
The wolf spider is almost dead.
Something hits you!
* * * LOW HITPOINT WARNING * * *
Something hits you but does no damage.
Something stings you but does no damage.
The wolf spider hits you.
* * * LOW HITPOINT WARNING * * *
The wolf spider bites you but does no damage.
You sock the wolf spider!
You kill the wolf spider!
You feel you are being watched by something.
You feel your power leaking away.
Something hits you but does no damage. x2; Something stings you.
* * * LOW HITPOINT WARNING * * *
Unknown command.
You sock something!
You feel you are being watched by something.
Something hits you but does no damage. x2
Something stings you but does no damage.
Something hits you!
You die...
Your body crumbles into a pile of gold.

## . . $ . .#
.# # . #. #..
### .##.
#..###.###..
#.{♣.^.#$#
#...#.^.#.$$#
..##...#..#..#
#...^#.(.#..#
#.#.^#
#^.#......#
##.#.
#...^#..#...#
## ##. .#.#.
#^.. .. .. ..
#....# #.#^
..#... .# #


There were no monsters in sight!

Vanquished Creatures
  Arachne (Spider:2)
  2 emperor scorpions
  A ghost moth (Spider:1)
  A spark wasp (Spider:2)
  4 entropy weavers
  Snorg (D:10)
  Josephine (Orc:1)
  A hydra (Lair:5)
  7 two-headed ogres
  3 catoblepae (Lair:5)
  7 death yaks (Lair:5)
  2 boulder beetles
  A fire crab (Lair:3)
  A sun moth (Spider:2)
  A pharaoh ant (Spider:2)
  An orb spider (Spider:2)
  A steelbarb worm (Spider:2)
  An orc knight (D:12)
  8 wolf spiders
  3 manticores
  3 cyclopes
  2 black mambas (Lair:5)
  11 elephants
  A merfolk siren (Lair:3)
  A demonic crawler (Spider:2)
  5 cane toads
  2 torpor snails
  A gargoyle (D:12)
  Maggie (D:7)
  6 komodo dragons
  4 rime drakes
  6 trolls
  9 tarantellas
  14 blink frogs
  Grinder (D:4)
  9 jumping spiders
  10 culicivoras
  4 shadows
  Sigmund (D:5)
  2 wyverns
  A vampire (D:11)
  4 wraiths
  78 yaks
  A steam dragon (D:8)
  2 basilisks
  29 redbacks
  Edmund (D:4)
  A warg (Orc:1)
  4 acid dragons
  14 water moccasins
  Duvessa (D:5)
  A floating eye (Lair:5)
  2 black bears
  3 ice beasts
  5 orc warriors
  A sky beast (D:8)
  13 wolves
  2 ogres
  5 centaurs
  2 phantoms
  2 kobold brigands
  10 bullfrogs
  2 gnoll sergeants
  3 scorpions
  Dowan (D:5)
  6 killer bees (D:10)
  5 howler monkeys
  An electric eel (Lair:1)
  7 orc priests
  2 hounds
  4 jellies
  2 sleepcaps
  An iguana (D:5)
  11 orc wizards
  7 hell rats (Lair:4)
  Ijyb (D:3)
  A boggart simulacrum (D:12)
  Robin (D:4)
  5 gnolls
  7 adders
  A river rat (D:6)
  2 shadow imps
  2 white imps
  2 worms
  2 dart slugs
  42 orcs
  15 ball pythons
  14 endoplasms
  6 giant cockroaches (Sewer)
  11 goblins
  11 hobgoblins
  6 jackals
  17 kobolds
  18 quokkas
  6 bats
  13 frilled lizards
  7 rats
  3 rat zombies (D:3)
568 creatures vanquished.

Vanquished Creatures (others)
  An orc wizard (D:5)
  3 orcs
  4 bushes (Lair:5)
  19 fungi
  49 plants
76 creatures vanquished.

Grand Total: 644 creatures vanquished

Notes
Turn   | Place    | Note
-------+----------+-------------------------------------------
     0 | D:1      | qeuew the Gargoyle Earth Elementalist began the quest for
                  | the Orb.
     0 | D:1      | Reached XP level 1. HP: 10/10 MP: 3/3
   347 | D:1      | Reached XP level 2. HP: 16/16 MP: 0/5
   440 | D:1      | Reached skill level 1 in Armour
   987 | D:1      | Reached XP level 3. HP: 20/20 MP: 2/6
  1141 | D:2      | Reached skill level 1 in Fighting
  1736 | D:2      | Reached XP level 4. HP: 22/25 MP: 0/7
  1926 | D:2      | Reached skill level 4 in Earth Magic
  2059 | D:2      | Learned a level 3 spell: Stone Arrow
  2180 | D:3      | Found an ancient bone altar of Kikubaaqudgha.
  2289 | D:3      | Found a faded altar of an unknown god.
  2395 | D:3      | Noticed Ijyb
  2397 | D:3      | Paralysed by Ijyb for 4 turns
  2403 | D:3      | Paralysed by Ijyb for 3 turns
  2427 | D:3      | Paralysed by Ijyb for 4 turns
  2432 | D:3      | Killed Ijyb
  2812 | D:3      | Found a runed translucent door.
  2813 | D:3      | Noticed Crazy Yiuf
  3074 | D:4      | Noticed Edmund
  3082 | D:4      | Identified the ring "Qaanlis" {EV+5 Int+7 Dex+3}
  3210 | D:4      | Noticed a scorpion
  3224 | D:4      | HP: 1/37 [scorpion (5)]
  3227 | D:4      | Killed a scorpion
  3228 | D:4      | Reached skill level 1 in Maces & Flails
  3228 | D:4      | Reached XP level 5. HP: 3/30 MP: 6/8
  3340 | D:4      | Noticed an ice beast
  3345 | D:4      | Killed an ice beast
  3346 | D:4      | Reached skill level 1 in Conjurations
  3346 | D:4      | Reached XP level 6. HP: 15/35 MP: 4/10
  3446 | D:5      | Entered Level 5 of the Dungeon
  3546 | D:5      | Noticed Duvessa
  3564 | D:5      | Noticed Dowan
  3603 | D:5      | Killed Dowan
  3605 | D:5      | Reached skill level 5 in Earth Magic
  3611 | D:5      | Killed Duvessa
  3612 | D:5      | Reached XP level 7. HP: 36/40 MP: 6/11
  4040 | D:5      | Noticed Sigmund
  4043 | D:5      | Killed Sigmund
  4044 | D:5      | Reached XP level 8. HP: 45/45 MP: 5/12
  4105 | D:4      | Killed Edmund
  4106 | D:4      | Reached skill level 6 in Earth Magic
  4405 | D:4      | Found an opulent altar of Gozag.
  4442 | D:4      | Noticed Grinder
  4447 | D:4      | Killed Grinder
  4448 | D:4      | Reached skill level 5 in Armour
  4463 | D:4      | Became a worshipper of Gozag Ym Sagoz the Greedy
  4481 | D:4      | Identified the +7 chain mail of the Great Game {Str+6}
  4599 | D:4      | Noticed Robin
  4604 | D:4      | HP: 2/46 [orc priest/divine providence (13)]
  4867 | D:5      | HP: 2/46 [ogre/+0 giant spiked club (12)]
  5098 | D:4      | Killed Robin
  5278 | D:4      | Reached skill level 7 in Earth Magic
  5463 | D:5      | Reached XP level 9. HP: 50/52 MP: 9/14
  5682 | D:5      | Found an iron altar of Okawaru.
  5827 | D:6      | Found Ules's Distillery.
  5873 | D:6      | Found a glowing drain.
  5899 | Sewer    | Entered a sewer
  6534 | D:6      | Found a staircase to the Ecumenical Temple.
  6546 | D:6      | Identified the +4 spear "Woawum" {freeze, Will+ Int+3}
  6550 | Temple   | Entered the Ecumenical Temple
  6787 | D:6      | Found Aluos's Weapon Shoppe.
  7143 | D:6      | Found Gotroc's Antique Armour Shoppe.
  7169 | D:6      | Found a shadowy altar of Dithmenos.
  7837 | D:7      | Found a shimmering blue altar of Sif Muna.
  7854 | D:7      | Noticed Maggie
  7864 | D:7      | Killed Maggie
  7865 | D:7      | Reached skill level 8 in Earth Magic
  8752 | D:8      | Reached XP level 10. HP: 58/58 MP: 9/16
  8757 | D:8      | Found a glowing silver altar of Zin.
  9038 | D:8      | Got Nongut's Handbook of Wounds and Geometries
  9089 | D:8      | Noticed a two-headed ogre
  9097 | D:8      | Killed a two-headed ogre
  9098 | D:8      | Reached skill level 5 in Fighting
  9353 | D:8      | Reached skill level 5 in Conjurations
  9353 | D:8      | Reached skill level 9 in Earth Magic
  9703 | D:9      | Reached skill level 5 in Spellcasting
 10286 | D:9      | Reached skill level 5 in Maces & Flails
 10486 | D:9      | Noticed a two-headed ogre
 10502 | D:9      | Killed a two-headed ogre
 10503 | D:9      | Reached XP level 11. HP: 23/64 MP: 4/19
 10505 | D:9      | Reached skill level 10 in Earth Magic
 10506 | D:9      | Noticed a two-headed ogre
 10515 | D:9      | Reached skill level 5 in Dodging
 10520 | D:9      | Killed a two-headed ogre
 10813 | D:10     | Entered Level 10 of the Dungeon
 10826 | D:10     | Found a sparkling altar of Nemelex Xobeh.
 10974 | D:10     | Noticed a two-headed ogre
 10983 | D:10     | Killed a two-headed ogre
 11401 | D:10     | Noticed Snorg
 11411 | D:10     | Killed Snorg
 11913 | D:10     | Noticed a two-headed ogre
 11918 | D:10     | Killed a two-headed ogre
 11919 | D:10     | Reached skill level 11 in Earth Magic
 12059 | D:10     | Found a blossoming altar of Fedhas.
 12073 | D:10     | Noticed an oklob plant
 12769 | D:11     | Noticed a cyclops
 12770 | D:11     | Noticed a two-headed ogre
 12773 | D:11     | Killed a cyclops
 12777 | D:11     | Killed a two-headed ogre
 12778 | D:11     | Reached skill level 10 in Armour
 12778 | D:11     | Reached XP level 12. HP: 71/71 MP: 9/21
 13002 | D:11     | Found a staircase to the Lair.
 13281 | D:11     | Noticed a two-headed ogre
 13286 | D:11     | Killed a two-headed ogre
 13739 | Lair:1   | Entered Level 1 of the Lair of Beasts
 14794 | Lair:1   | Reached skill level 1 in Evocations
 14913 | Lair:1   | Reached skill level 12 in Earth Magic
 16113 | Lair:1   | Reached XP level 13. HP: 77/78 MP: 23/23
 16969 | Lair:3   | Found a staircase to the Shoals.
 18034 | Lair:3   | Found a hole to the Spider Nest.
 19765 | Lair:5   | Entered Level 5 of the Lair of Beasts
 19765 | Lair:5   | Found a viscous altar of Jiyva.
 19765 | Lair:5   | Found a staircase to the Slime Pits.
 19872 | Lair:5   | Reached skill level 13 in Earth Magic
 20328 | Lair:5   | Gained mutation: Your large and strong wings let you fly.
                  | [Gargoyle growth]
 20328 | Lair:5   | Reached XP level 14. HP: 71/84 MP: 15/26
 20502 | Lair:5   | Identified the +0 scale mail of the Skies Above {rCorr}
 20654 | Lair:5   | Paralysed by a floating eye for 2 turns
 20657 | Lair:5   | Paralysed by a floating eye for 2 turns
 20661 | Lair:5   | Paralysed by a floating eye for 2 turns
 21426 | Lair:5   | Identified the ring "Gegupiaz" {rN+ Int+6 Dex+3}
 21608 | Lair:5   | Learned a level 6 spell: Iron Shot
 21909 | D:12     | Found a staircase to the Orcish Mines.
 22200 | D:12     | Got the Atlas of Ashes
 22355 | D:12     | Got the Annotations on Variable Graupel
 22415 | D:12     | Learned a level 5 spell: Iskenderun's Battlesphere
 22567 | Orc:1    | Entered Level 1 of the Orcish Mines
 22573 | Orc:1    | Noticed Josephine
 22747 | Orc:1    | Killed Josephine
 22748 | Orc:1    | Reached skill level 10 in Conjurations
 22750 | Orc:1    | Noticed Jorgrun
 23124 | Spider:1 | Entered Level 1 of the Spider Nest
 23669 | Spider:1 | Reached skill level 14 in Earth Magic
 24193 | Spider:1 | Killed a ghost moth
 24531 | Spider:1 | Noticed an emperor scorpion
 24807 | D:6      | Bought a potion of mutation for 112 gold pieces
 24807 | D:6      | Bought a potion of mutation for 112 gold pieces
 24807 | D:6      | Bought a potion of curing for 42 gold pieces
 24807 | D:6      | Bought a potion of curing for 42 gold pieces
 24807 | D:6      | Bought a potion of heal wounds for 70 gold pieces
 24807 | D:6      | Bought a potion of curing for 42 gold pieces
 24807 | D:6      | Bought 2 potions of mutation for 224 gold pieces
 24807 | D:6      | Gained mutation: You have a pair of small horns on your
                  | head. [potion of mutation]
 24807 | D:6      | Gained mutation: Your magical capacity is low. (-10% MP)
                  | [potion of mutation]
 24807 | D:6      | Gained mutation: You have large cloven feet. [potion of
                  | mutation]
 24808 | D:6      | Lost mutation: Your magical capacity is low. (-10% MP)
                  | [potion of mutation]
 24808 | D:6      | Lost mutation: You have large cloven feet. [potion of
                  | mutation]
 24808 | D:6      | Gained mutation: You are vulnerable to heat. (rF-) [potion
                  | of mutation]
 24808 | D:6      | Gained mutation: Your movements are slightly less
                  | encumbered by armour. (ER -2) [potion of mutation]
 24809 | D:6      | Lost mutation: You have a pair of small horns on your head.
                  | [potion of mutation]
 24809 | D:6      | Lost mutation: Your movements are slightly less encumbered
                  | by armour. (ER -2) [potion of mutation]
 24809 | D:6      | Gained mutation: You expend magic power (3 MP) to
                  | strengthen your wands. [potion of mutation]
 24809 | D:6      | Gained mutation: Your magical capacity is low. (-10% MP)
                  | [potion of mutation]
 24809 | D:6      | Gained mutation: You are occasionally teleported next to
                  | monsters. [potion of mutation]
 24809 | D:6      | Gained mutation: Your muscles are strong. (Str +4, Int/Dex
                  | -1) [potion of mutation]
 24810 | D:6      | Lost mutation: You are vulnerable to heat. (rF-) [potion of
                  | mutation]
 24810 | D:6      | Lost mutation: Your magical capacity is low. (-10% MP)
                  | [potion of mutation]
 24810 | D:6      | Gained mutation: Your magical capacity is low. (-10% MP)
                  | [potion of mutation]
 25029 | Lair:3   | Killed an emperor scorpion
 25146 | Spider:1 | Reached XP level 15. HP: 62/90 MP: 2/25
 25837 | Spider:2 | Noticed an emperor scorpion
 25857 | Spider:2 | Killed an emperor scorpion
 26100 | Spider:2 | Noticed Arachne
 26406 | Spider:2 | Killed Arachne
 27239 | Spider:3 | Noticed Icietuah's ghost (journeyman FeWn)
 27381 | Spider:3 | HP: 10/204 [wolf spider (6)]
 27383 | Spider:3 | Slain by a ghost moth

Illustrated notes

Levels and vault maps discovered:
D:1:      dpeg_arrival_water_fire, layout_loops_ring
D:2:      layout_basic
D:3:      layout_loops_ring, lemuel_zombie_altar_kikubaaqudgha,
          shapermc_ecumenical_altar_petra, uniq_crazy_yiuf_cottage, uniq_ijyb
D:4:      layout_cave_pods, nicolae_gozag_seed_capital, uniq_grinder,
          uniq_edmund, uniq_robin
D:5:      layout_loops_ring, okawaru_altar_gauntlet_db, serial_bayou_pond_c,
          minmay_manual_mares, uniq_duvessa, uniq_sigmund
D:6:      layout_basic, nicolae_dithmenos_the_darkroom,
          minmay_temple_entry_offerings, portal_sewer_entry_c, serial_shops,
          shop, nicolae_stop_n_shop_2, nicolae_shop_statue_plus
D:7:      layout_loops_corners, mainiacjoe_overflow_chevrons, uniq_maggie
D:8:      layout_rooms, nicolae_overflow_hidden_temple
D:9:      layout_long_grid, chequers_serial_rivers_micro_b
D:10:     layout_basic, tgw_fedhas, nemelex_xobeh_ov_fountains_minmay,
          wad_floor_pattern_1, uniq_snorg
D:11:     layout_loops_cross, lair_entry_dummy
D:12:     kennysheep_blocky_hall, layout_cave_pools, orc_0_dummy
Temple:   dpeg_chambers_temple
Lair:1:   layout_gridlike, grunt_megastairs_1, uniq_urug
Lair:2:   layout_small_grid, infiniplex_staircase_pool_2
Lair:3:   layout_cave_pods, minmay_shoals_entry_lonely_mermaid,
          spider_nest_entry_funnel_web
Lair:4:   layout_cave_pods
Lair:5:   evilmike_catoblepas_cave, layout_cave_pods, slime_entry_1,
          disabler_island
Spider:1: layout_spider_delve
Spider:2: layout_spider_delve, uniq_arachne
Spider:3: layout_spider_delve, gammafunk_ghost_arena
Orc:1:    layout_diamond_mine, gammafunk_ghost_arena, lemuel_statue_altar,
          uniq_jorgrun, uniq_josephine

Skill      XL: |  1  2  3  4  5  6  7  8  9 10 11 12 13 14 15 |
---------------+----------------------------------------------+-----
Armour         | 1 2 3 4 5 7 8 10 11 12 13 | 13.2
Fighting       | 1 2 3 4 5 6 7 8 9 |  9.4
Earth Magic    | 4 5 7 8 9 11 12 13 14 | 14.6
Dodging        | 2 3 4 5 6 7 |  7.5
Maces & Flails | 1 2 3 4 5 6 7 8 |  8.6
Conjurations   | 1 2 3 4 5 6 7 9 10 | 10.9
Spellcasting   | 3 4 5 6 7 8 9 |  9.7
Evocations     | 1 3 4 |  4.8
Stealth        | |  2.1
Transmutations | |  0.7

Action                     |  1- 3 |  4- 6 |  7- 9 | 10-12 | 13-15 || total
---------------------------+-------+-------+-------+-------+-------++-------
  Melee: Unarmed           |     9 |       |       |       |       ||     9
         Whip              |     7 |    13 |       |       |       ||    20
         Flail             |       |    16 |   126 |   175 |   490 ||   807
         Punch             |       |       |       |     2 |    17 ||    19
   Cast: Sandblast         |    58 |    57 |   170 |    41 |       ||   326
         Stone Arrow       |       |     4 |    11 |   225 |   397 ||   637
         Iron Shot         |       |       |       |       |     5 ||     5
         Iskenderun's Batt |       |       |       |       |     2 ||     2
 Invoke: Potion Petition   |       |       |       |       |     6 ||     6
    Use: Scroll            |     4 |     4 |     8 |       |    11 ||    27
         Potion            |     2 |     7 |     8 |     1 |    12 ||    30
   Stab: Distracted        |       |       |       |     5 |     8 ||    13
         Invisible         |       |       |       |       |     2 ||     2
 Armour: Robe              |    23 |     5 |    33 |       |       ||    61
         Chain mail        |       |       |   148 |   250 |   714 ||  1112
         Skin              |       |       |       |       |    69 ||    69
  Dodge: Dodged            |    30 |    37 |   272 |   407 |   935 ||  1681

Table legend: (Time is in decaauts)
 A = Elapsed time spent in this place.
 B = Non-inter-level travel time spent in this place.
 C = Inter-level travel time spent in this place.
 D = Time resting spent in this place.
 E = Time spent auto-exploring this place.
 F = Levels seen in this place.
 G = Mean time per level.
                   A        B        C        D        E       F      G
               +--------+--------+--------+--------+--------+-----+--------+
         Total |  28137 |  26718 |   1419 |    673 |  21918 |  23 | 1223.3 |
       Dungeon |  14947 |  14110 |    837 |    534 |  11591 |  12 | 1245.6 |
        Temple |    227 |    204 |     23 |      0 |    192 |   1 |  227.0 |
          Lair |   8456 |   7921 |    535 |     39 |   6617 |   5 | 1691.2 |
   Spider Nest |   3772 |   3749 |     23 |    100 |   3016 |   3 | 1257.3 |
  Orcish Mines |     42 |     42 |      0 |      0 |      0 |   1 |   42.0 |
         Sewer |    690 |    690 |      0 |      0 |    500 |   1 |  690.0 |
               +--------+--------+--------+--------+--------+-----+--------+

Top non-repeatable levels by time:
    D:10: 1895 daAuts
  Lair:5: 1873 daAuts
  Lair:1: 1828 daAuts
Spider:1: 1763 daAuts
Spider:2: 1763 daAuts
  Lair:4: 1735 daAuts
  Lair:3: 1638 daAuts
     D:5: 1446 daAuts
     D:4: 1406 daAuts
     D:9: 1405 daAuts
    D:11: 1390 daAuts
  Lair:2: 1380 daAuts
    D:12: 1249 daAuts
     D:7: 1233 daAuts
     D:1: 1140 daAuts
